 Dungeon Crawl Stone Soup version 0.13-a0-2477-geaae114 (webtiles) character file.

12467 Egregious the Grappler (level 11, -5/88 HPs)
             Began as a Purple Draconian Transmuter on July 18, 2013.
             Was a Priest of Sif Muna.
             Shot with an arrow by a centaur (14 damage)
             ... on Level 11 of the Dungeon on July 19, 2013.
             The game lasted 01:48:55 (18154 turns).

Egregious the Grappler (DrTm)                      Turns: 18154, Time: 01:48:56

HP  -5/88        AC 10     Str 16      XL: 11   Next: 50%
MP  13/17        EV 12     Int 14      God: Sif Muna [***...]
Gold 924         SH  0     Dex 11      Spells:  4 memorised,  3 levels left

Res.Fire  : . . .   See Invis. : .   s - melded staff of wizardry
Res.Cold  : . . .   Warding    : .   (armour unavailable)
Life Prot.: . . .   Conserve   : .   (shield currently unavailable)
Res.Poison: .       Res.Corr.  : .   (helmet restricted)
Res.Elec. : .       Clarity    : .   B - +2 cloak
Sust.Abil.: . .     Spirit.Shd : .   p - melded +2 pair of gauntlets {Dex+3}
Res.Mut.  : .       Stasis     : .   (no boots)
Res.Rott. : .       Flight     : .   (no amulet)
Saprovore : . . .                    b - ring of Gucall {Ice MR++ Dam+5}
                                     i - ring of fire

@: blade hands (expiring), extremely resistant to hostile enchantments,
unstealthy
A: breathe power, unfitting armour, AC +7
a: Breathe Dispelling Energy, End Transformation, Channel Energy, Forget Spell,
Renounce Religion


You were on level 11 of the Dungeon.
You worshipped Sif Muna.
Sif Muna was greatly pleased with you.
You were not hungry.
Your hands were blades.
You visited 2 branches of the dungeon, and saw 12 of its levels.

You collected 904 gold pieces.

Inventory:

Missiles
 a - 73 arrows
 q - 41 stones (quivered)
Armour
 p - a +2 pair of gauntlets of dexterity (melded)
 B - a +2 cloak (worn)
Magical devices
 l - a wand of magic darts (17)
 t - a wand of frost (13)
 x - a wand of slowing (1)
 C - a wand of paralysis (13) {unknown}
 G - a wand of paralysis (4) {unknown}
Comestibles
 c - 3 bread rations
 n - a meat ration
 F - 2 rotting chunks of giant frog flesh
Scrolls
 g - 3 scrolls of remove curse
 H - a scroll of teleportation
 I - a scroll of fear
Jewellery
 b - the ring of Gucall (right scythe-like blade) {Ice MR++ Dam+5}
   (You found it on level 7 of the Dungeon)

   [ring of ice]

   It affects your damage-dealing abilities (+5).
   It affects your resistance to hostile enchantments.
 i - a ring of fire (left scythe-like blade)
 j - a +3 ring of evasion
 r - an uncursed ring of sustenance {unknown}
 y - an uncursed ring of ice
 D - an uncursed ring of protection from magic {unknown}
Potions
 e - a potion of mutation {unknown}
 f - a potion of slowing {unknown}
 h - 2 potions of flight
 k - a potion of speed {unknown}
 m - a potion of beneficial mutation {unknown}
 o - a potion of cure mutation {unknown}
 u - 2 potions of magic
 v - 2 potions of brilliance {unknown}
 w - 2 potions of paralysis {unknown}
 A - a potion of poison {unknown}
 E - a potion of agility {unknown}
Books
 d - a book of Changes

   Spells                             Type                      Level
   *Beastly Appendage                 Transmutation                1
   *Sticks to Snakes                  Transmutation                2
   *Spider Form                       Transmutation/Poison         3
   Ice Form                           Ice/Transmutation            4
   *Blade Hands                       Transmutation                5
Magical staves
 s - an uncursed staff of wizardry (melded)
 z - an uncursed staff of fire


   Skills:
 * Level 7.9 Fighting
 - Level 1.7 Dodging
 - Level 0.2 Stealth
 - Level 13.1 Unarmed Combat
 - Level 2.4 Spellcasting
 - Level 10.0 Transmutations
 - Level 4.2 Poison Magic


You had 3 spell levels left.
You knew the following spells:

 Your Spells              Type           Power        Failure   Level  Hunger
a - Beastly Appendage     Trmt           ####..       12%         1    #......
b - Sticks to Snakes      Trmt           ####......   14%         2    ###....
c - Spider Form           Trmt/Pois      ###.......   32%         3    ####...
d - Blade Hands           Trmt           ####......   50%         5    ######.


Dungeon Overview and Level Annotations

Branches:
Dungeon (11/27)            Temple (1/1) D:7             Orc (0/4) D:11
   Lair: D:8-13

Altars:
Ashenzari
Cheibriados
Elyvilon
Fedhas
Kikubaaqudgha
Makhleb
Nemelex Xobeh
Okawaru
Sif Muna
Trog
Vehumet
Xom
Yredelemnul
Zin
the Shining One

Shops:
D:9: (


Message History

The troll skeleton closely misses you.
You completely miss the hill giant. You tail-slap the hill giant.
The hill giant is moderately wounded.
The centaur shoots an arrow.
The arrow hits you! The troll skeleton closely misses you.
The troll skeleton claws you but does no damage.
You slash the hill giant!
The hill giant is heavily wounded.
The centaur shoots an arrow.
The arrow hits you!
The hill giant hits you with a giant club.
* * * LOW HITPOINT WARNING * * *
Drink which item? (? for menu, Esc to quit)
You feel better.
The centaur shoots an arrow.
The arrow hits you!
* * * LOW HITPOINT WARNING * * *
The troll skeleton bites you!
* * * LOW HITPOINT WARNING * * *
The troll skeleton barely misses you.
The troll skeleton claws you but does no damage.
The centaur shoots an arrow.
The arrow hits you!
You die...

#.# #.'.............#
#.###.#.............#
#[...[#.............#
#######.............#
#.............#
#.............#
#.............# ######
#.............# .....#
#....@........# .....#
##..cCZ........# ≈≈≈≈.#
#..[...........#
##≈≈.####.#.#.#.#.#......
#≈≈....................
#≈≈.####.#.#.#.#.#.....
#≈≈.# #........>......P
#≈≈.# ##.#.#.#.#.####+
##≈≈[# ..5.......#


You could see a hill giant, a centaur and a troll skeleton.

Vanquished Creatures
  Erica (D:10)
  The ghost of ilii the Summoner, a powerful TeWz of Sif Muna (D:10)
  A cyclops (D:9)
  Psyche (D:8)
  4 trolls
  A shark (D:9)
  7 yaks
  2 wraiths
  Eustachio (D:5)
  A wyvern (D:8)
  Grum (D:8)
  3 hungry ghosts
  2 wolves (D:8)
  A hippogriff (D:11)
  Edmund (D:5)
  4 orc warriors
  A giant goldfish (D:9)
  3 ice beasts
  4 sky beasts
  4 phantoms
  9 centaurs
  2 ogres
  Sigmund (D:6)
  Duvessa (D:7)
  11 giant frogs
  13 killer bees
  2 troll zombies (D:11)
  A jellyfish (D:9)
  A troll skeleton (D:10)
  An electric eel (D:9)
  6 crimson imps
  A hippogriff skeleton (D:5)
  Dowan (D:7)
  6 hounds
  An iron imp (D:5)
  A big fish (D:9)
  Crazy Yiuf (D:7)
  3 giant frog skeletons
  6 orc priests
  A gnoll shaman (D:5)
  A water moccasin zombie (D:5)
  9 orc wizards
  2 iguanas
  7 worker ants
  5 scorpions
  A killer bee zombie (D:9)
  7 ogre zombies
  3 jellies
  An ogre skeleton (D:8)
  2 hound skeletons
  A worker ant zombie (D:9)
  11 adders
  A green rat (D:5)
  3 gnolls (D:5)
  2 worms
  An adder zombie (D:5)
  A scorpion zombie (D:6)
  52 orcs
  8 giant cockroaches
  11 goblins
  16 hobgoblins
  15 jackals
  7 quokkas
  4 ball pythons
  19 bats
  6 giant geckos
  5 giant newts
  A goblin zombie (D:11)
  4 hobgoblin skeletons (D:11)
  4 hobgoblin zombies (D:11)
  14 kobolds
  3 orc skeletons (D:11)
  13 orc zombies (D:11)
  16 rats
  A rat skeleton (D:5)
  3 ballistomycetes (D:9)
  2 plants (D:9)
375 creatures vanquished.

Vanquished Creatures (collateral kills)
  A necrophage (D:10)
  2 ogres
  A yak skeleton (D:10)
  A killer bee (D:8)
  A crimson imp (D:10)
  An orc wizard (D:7)
  2 mummies
  5 orcs
14 creatures vanquished.

Vanquished Creatures (others)
  A giant spore (D:9)
1 creature vanquished.

Grand Total: 390 creatures vanquished

Notes
Turn   | Place    | Note
--------------------------------------------------------------
     0 | D:1      | Egregious, the Draconian Transmuter, began the quest for the Orb.
     0 | D:1      | Reached XP level 1. HP: 16/16 MP: 1/1
   374 | D:1      | Reached XP level 2. HP: 23/23 MP: 3/3
   909 | D:2      | Reached skill level 4 in Unarmed Combat
  1163 | D:2      | Reached XP level 3. HP: 28/28 MP: 4/4
  1742 | D:2      | Reached XP level 4. HP: 30/35 MP: 6/6
  1771 | D:2      | Found a deep blue altar of Sif Muna.
  1797 | D:2      | Found a glowing silver altar of Zin.
  1808 | D:2      | Became a worshipper of Sif Muna the Loreminder
  1880 | D:2      | Reached skill level 5 in Unarmed Combat
  2599 | D:3      | Reached XP level 5. HP: 40/40 MP: 7/7
  3314 | D:3      | Reached skill level 6 in Unarmed Combat
  3538 | D:3      | Learned a level 2 spell: Sticks to Snakes
  4150 | D:4      | Found a sparkling altar of Nemelex Xobeh.
  4150 | D:4      | Found a burning altar of Makhleb.
  4150 | D:4      | Found a shimmering altar of Xom.
  4330 | D:5      | Entered Level 5 of the Dungeon
  4459 | D:5      | Reached XP level 6. HP: 39/47 MP: 9/9
  4598 | D:5      | Found a basalt altar of Yredelemnul.
  4669 | D:5      | Noticed Eustachio
  4767 | D:5      | Restia: new one again eh
  4770 | D:5      | Egregious: Yep
  4770 | D:5      | Restia: whats it this time
  4770 | D:5      | Egregious: Transmuter again
  4888 | D:5      | Noticed an ice beast
  4888 | D:5      | Noticed an ogre
  4935 | D:5      | Killed an ogre
  5145 | D:5      | Killed an ice beast
  5145 | D:5      | Acquired Sif Muna's first power
  5145 | D:5      | Reached skill level 5 in Transmutations
  5146 | D:5      | Restia: you sure love dem snakes
  5146 | D:5      | Egregious: Naturally
  5333 | D:5      | Your scales start taking on a rich purple colour.
  5333 | D:5      | Reached XP level 7. HP: 52/52 MP: 9/11
  5334 | D:5      | Egregious: Darnit
  5334 | D:5      | Egregious: I want something other than purple for a change already
  5379 | D:5      | Restia: haha
  5675 | D:5      | Noticed Edmund
  5699 | D:5      | Killed Edmund
  5699 | D:5      | Reached skill level 7 in Unarmed Combat
  5793 | D:5      | Noticed an ice beast
  6059 | D:4      | Restia: go pray to xom
  6086 | D:4      | Restia: :>
  6086 | D:4      | Egregious: No way
  6099 | D:5      | Egregious: My soul belongs to the great grey wo- I mean, god Sif
  6222 | D:5      | Killed Eustachio
  6222 | D:5      | Reached skill level 8 in Unarmed Combat
  6222 | D:5      | Reached XP level 8. HP: 47/60 MP: 12/12
  7204 | D:6      | Reached skill level 9 in Unarmed Combat
  7484 | D:6      | Restia: Destroy us aaaaalllllllllllllllllll
  7762 | D:6      | Restia: Whoops
  7769 | D:6      | Restia: wrong button
  8168 | D:6      | Noticed Sigmund
  8210 | D:6      | Killed Sigmund
  8254 | D:6      | Reached skill level 10 in Unarmed Combat
  8773 | D:6      | Found an iron altar of Okawaru.
  8827 | D:6      | Restia: okawaru trollin you
  8827 | D:6      | Egregious: Yep
  8827 | D:6      | Egregious: Screw him
  9251 | D:7      | Found an ancient bone altar of Kikubaaqudgha.
  9358 | D:7      | Reached skill level 11 in Unarmed Combat
  9358 | D:7      | Reached XP level 9. HP: 46/66 MP: 14/14
  9490 | D:7      | Noticed Dowan
  9491 | D:7      | Noticed Duvessa
  9504 | D:7      | Killed Dowan
  9511 | D:7      | Killed Duvessa
 10274 | D:7      | Got a crude jade ring
 10275 | D:7      | Identified the ring of Gucall {Ice MR++ Dam+5} (You found it on level 7 of the Dungeon)
 10282 | D:7      | Found a staircase to the Ecumenical Temple.
 10295 | Temple   | Entered the Ecumenical Temple
 10533 | D:7      | Reached skill level 12 in Unarmed Combat
 10561 | D:7      | Noticed Crazy Yiuf
 10573 | D:7      | Restia: dem maces
 10573 | D:7      | Egregious: Did you know
 10573 | D:7      | Egregious: If you worship Xom this guy suddenly makes sense
 10575 | D:7      | Restia: lol
 10577 | D:7      | Killed Crazy Yiuf
 11074 | D:7      | Egregious: Tbreak
 11074 | D:7      | Restia: dem tea
 11075 | D:7      | Upgraded the game from 0.13-a0-2474-g552a472 to 0.13-a0-2477-geaae114
 11143 | D:8      | Learned a level 3 spell: Spider Form
 11416 | D:8      | Reached skill level 13 in Unarmed Combat
 12183 | D:8      | Reached XP level 10. HP: 72/72 MP: 9/16
 12497 | D:8      | Noticed Grum
 12551 | D:8      | Killed Grum
 12869 | D:8      | Noticed Psyche
 12882 | D:8      | Killed Psyche
 13372 | D:9      | Found a shattered altar of Ashenzari.
 13519 | D:9      | Acquired Sif Muna's second power
 13773 | D:9      | Found Ilohiecsea's Antique Weapon Boutique.
 14118 | D:9      | Noticed a cyclops
 14475 | D:9      | Killed a cyclops
 14916 | D:9      | Reached skill level 10 in Transmutations
 15059 | D:10     | Entered Level 10 of the Dungeon
 15097 | D:10     | Reached skill level 1 in Poison Magic
 15220 | D:10     | Noticed Erica
 15254 | D:10     | Killed Erica
 15254 | D:10     | Reached XP level 11. HP: 36/78 MP: 14/17
 15897 | D:10     | Noticed ilii's ghost (powerful TeWz)
 16670 | D:10     | Killed ilii's ghost
 16670 | D:10     | Reached skill level 5 in Fighting
 16981 | D:10     | Identified a scroll of acquirement
 17873 | D:11     | Found a staircase to the Orcish Mines.
 18053 | D:11     | Learned a level 5 spell: Blade Hands
 18131 | D:11     | Noticed a hill giant
 18154 | D:11     | Shot with an arrow by a centaur

Action                   |  1- 3 |  4- 6 |  7- 9 | 10-12 || total
-------------------------+-------+-------+-------+-------++-------
Melee: Unarmed           |   172 |   307 |   501 |   534 ||  1514
Throw: Stone             |       |       |       |     6 ||     6
 Cast: Beastly Appendage |       |    10 |    13 |       ||    23
       Sticks to Snakes  |       |     7 |    36 |    25 ||    68
       Spider Form       |       |       |     3 |    10 ||    13
       Blade Hands       |       |       |       |     2 ||     2
 Abil: Breathe Dispellin |       |       |     2 |     1 ||     3
Evoke: Wand              |       |       |     1 |       ||     1
  Use: Scroll            |     1 |    10 |    10 |     6 ||    27
       Potion            |       |       |     3 |     5 ||     8
 Stab: Sleeping          |     1 |       |       |     1 ||     2
       Distracted        |       |       |       |     3 ||     3
